 Dungeon Crawl Stone Soup version 0.28.0-53-g5a82cb258f (webtiles) character file.

Game seed: 10149793413294108846

7696 ChickenMitten the Arsonist (level 11, -8/109 HPs)
             Began as an Ogre Conjurer on Aug 3, 2022.
             Was a Believer of Vehumet.
             Mangled by a death yak (16 damage)
             ... on level 1 of the Lair of Beasts.
             The game lasted 00:43:23 (14161 turns).

ChickenMitten the Arsonist (Ogre Conjurer)         Turns: 14161, Time: 00:43:24

Health: -8/109     AC:  6    Str: 13    XL:     11   Next: 19%
Magic:  3/23       EV: 13    Int: 23    God:    Vehumet [**....]
Gold:   333        SH:  0    Dex:  7    Spells: 13/27 levels left

rFire   x . .      SeeInvis .   i - +0 spear (flame)
rCold   + . .      Faith    .   (no shield)
rNeg    . . .      Spirit   .   p - +2 robe of Impressiveness {+Inv rElec}
rPois   .          Reflect  .   x - +1 hat
rElec   +          Harm     .   (no cloak)
rCorr   .          Rampage  .   (gloves unavailable)
Will    +....                   (boots unavailable)
Stlth   +.........              (no amulet)
HPRegen 0.28/turn               q - +4 ring of evasion
MPRegen 0.18/turn               C - ring of ice

@: no status effects
A: large, unfitting armour, tough skin 1
a: Renounce Religion, Evoke Invisibility


You were on level 1 of the Lair of Beasts.
You worshipped Vehumet.
Vehumet was pleased with you.
You visited 4 branches of the dungeon, and saw 13 of its levels.
You also visited: Ice Cave.

You collected 333 gold pieces.

Inventory:

Hand Weapons
 d - a +0 falchion
 i - a +0 spear of flaming (weapon)
 r - the +7 whip of Valour {freeze, rElec Will+++ Int-3 Dex+3}
   (You found it on level 4 of the Dungeon)

   It freezes those it strikes, dealing additional cold damage.
   It can also slow down cold-blooded creatures.
   Int:       It affects your intelligence (-3).
   Dex:       It affects your dexterity (+3).
   rElec:     It insulates you from electricity.
   Will:      It greatly increases your willpower.
Armour
 a - a +0 robe
 p - the +2 robe of Impressiveness (worn) {+Inv rElec}
   (You found it on level 3 of the Dungeon)

   rElec:     It insulates you from electricity.
   +Inv:      It lets you turn invisible.
 x - a +1 hat (worn)
Magical Staves
 B - a staff of poison
Jewellery
 f - a ring of positive energy
 q - a +4 ring of evasion (left hand)
 v - a ring of fire
 C - a ring of ice (right hand)
Wands
 z - a wand of digging (8)
 D - a wand of polymorph (6)
Scrolls
 b - 2 scrolls of brand weapon
 l - 4 scrolls of fog {unknown}
 m - 2 scrolls of teleportation
 n - a scroll of enchant weapon {unknown}
 o - 2 scrolls of silence
 s - 2 scrolls of noise
 t - a scroll of magic mapping {unknown}
 w - a scroll of immolation
 y - 5 scrolls of identify
 A - a scroll of blinking {unknown}
 E - a scroll of vulnerability {unknown}
 F - a scroll of fear {unknown}
Potions
 c - a potion of might
 e - 2 potions of invisibility {unknown}
 g - a potion of mutation {unknown}
 h - a potion of degeneration {unknown}
 u - a potion of attraction {unknown}


   Skills:
 - Level 7.0 Fighting
 - Level 0.3 Throwing
 - Level 1.7 Dodging
 - Level 1.4 Stealth
 - Level 8.7 Spellcasting
 - Level 7.4 Conjurations
 - Level 0.1 Summonings
 - Level 3.2 Translocations
 * Level 10.5 Fire Magic
 - Level 0.2 Ice Magic
 - Level 0.1 Earth Magic
 - Level 0.1 Poison Magic
 - Level 0.1 Invocations


You had 13 spell levels left.
You knew the following spells:

 Your Spells              Type           Power      Damage    Failure   Level
a - Magic Dart            Conj           100%       1d8       1%          1
b - Searing Ray           Conj           88%        2d7       1%          2
c - Blink                 Tloc           48%        N/A       2%          2
d - Iskenderun's Mystic   Conj/Tloc      34%        2d8       7%          4
e - Foxfire               Conj/Fire      100%       2x1d9     1%          1
f - Flame Wave            Conj/Fire      51%        2d10      1%          4

Your spell library contained the following spells:

 Spells                   Type           Power      Damage    Failure   Level
 Scorch                   Fire           100%       2d10      1%          2
 Conjure Flame            Conj/Fire      51%        6-21      1%          3
 Inner Flame              Hex/Fire       34%        N/A       2%          3
 Dazzling Flash           Conj/Hex       54%        N/A       4%          3
 Lesser Beckoning         Tloc           24%        N/A       4%          3
 Freeze                   Ice            68%        1d8       6%          1
 Hailstorm                Conj/Ice       41%        3d10      13%         4
 Fulminant Prism          Conj/Hex       13%        3d9       14%         4
 Frozen Ramparts          Ice            34%        1d5       17%         3
 Manifold Assault         Tloc           24%        N/A       43%         5


Dungeon Overview and Level Annotations

Branches:
Dungeon (10/15)            Temple (1/1) D:6            Lair (1/6) D:9
    Orc (1/2) D:9           IceCv (visited)

Altars:
Ashenzari
Cheibriados
Dithmenos
Elyvilon
Fedhas
Gozag
Hepliaklqana
Kikubaaqudgha
Makhleb
Nemelex Xobeh
Okawaru
Qazlal
Ru
Sif Muna
Trog
Uskayaw
Vehumet
Wu Jian
Xom
Yredelemnul
Zin
The Shining One

Shops:
D:3 [

Annotations:
D:9 1 runed translucent door, suse60's ghost, journeyman FoFi


Innate Abilities, Weirdness & Mutations

You are too large for most types of armour.
You have tough skin. (AC +1)


Message History

The death yak misses you.
A wave of flame ripples out!
The flame wave engulfs the death yak!
The death yak is heavily wounded.
The death yak gores you!!
A wave of flame ripples out!
The flame wave engulfs the death yak!
The death yak is severely wounded.
You finish channelling waves of flame.
The death yak gores you.
Casting: Flame Wave (mildly dangerous; 1% risk of failure)
Confirm with . or Enter, or press ? or * to list all spells.
Casting: Flame Wave (mildly dangerous; 1% risk of failure)
Press: ? - help, Dir - look around, f - activate A wave of flame ripples out!
The flame wave engulfs the death yak!
The death yak is severely wounded. (Press . to intensify the flame waves.)
The death yak gores you!
A wave of flame ripples out!
The flame wave engulfs the death yak.
The death yak is severely wounded.
The death yak gores you!!
* * * LOW HITPOINT WARNING * * *
A wave of flame ripples out!
The flame wave engulfs the death yak!
The death yak is almost dead.
You finish channelling waves of flame.
The death yak barely misses you.
Casting: Flame Wave (mildly dangerous; 1% risk of failure)
Confirm with . or Enter, or press ? or * to list all spells.
You don't know that spell.
You hit the death yak. You burn the death yak.
The death yak is almost dead.
The death yak misses you.
You hit the death yak. You burn the death yak.
The death yak is almost dead.
The death yak gores you!!
* * * LOW HITPOINT WARNING * * *
The death yak closely misses you.
You hit the death yak but do no damage.
The death yak is almost dead.
The death yak gores you but does no damage.
You hit the death yak but do no damage. Your punch misses the death yak.
The death yak is almost dead.
The death yak gores you!
You die...

##..#..##
#.....#
###...#
##.##
##.P## #
#....#.##
##......#
##...#/.#
#.@..##.#
....!..Y.##
.#
.....#.#..#
# .....##
.## .#.. .#
... .. ..#
.. #..


You could see a death yak.

Vanquished Creatures
  A death yak (D:9)
  An elephant (D:9)
  A cane toad (D:9)
  An unseen horror (D:10)
  A troll (D:9)
  A wyvern (D:7)
  A vampire (D:7)
  13 yaks
  2 basilisks (D:9)
  3 water moccasins
  2 orc warriors (D:9)
  An ice beast (D:7)
  A black bear (D:5)
  2 sky beasts (D:7)
  3 wolves
  2 centaurs
  4 kobold brigands
  5 bullfrogs
  A wyvern zombie (D:9)
  5 scorpions
  A water moccasin zombie (D:6)
  5 howler monkeys
  3 wights (D:5)
  4 centaur zombies
  A bullfrog zombie (D:7)
  A bullfrog skeleton (D:4)
  A centaur skeleton (D:7)
  5 hounds
  A jelly (D:7)
  3 orc priests
  2 scorpion zombies (D:5)
  An iguana (D:6)
  8 orc wizards
  A killer bee zombie (D:7)
  A hound skeleton (D:4)
  A howler monkey zombie (D:9)
  3 gnolls (D:2)
  7 adders
  An ufetubus (D:5)
  2 adder skeletons
  2 dart slugs
  24 orcs
  3 bats
  A bat skeleton (D:2)
  7 endoplasms
  4 giant cockroaches
  5 hobgoblins
  3 jackals (D:4)
  14 kobolds
  3 quokkas (D:2)
  5 ball pythons
  4 frilled lizards
  2 giant cockroach zombies (D:2)
  3 goblins
  2 jackal skeletons (D:2)
  3 rats
188 creatures vanquished.

Vanquished Creatures (others)
  18 foxfires
  4 fungi
  2 plants (Lair:1)
  2 withered plants (D:2)
26 creatures vanquished.

Grand Total: 214 creatures vanquished

Notes
Turn   | Place    | Note
-------+----------+-------------------------------------------
     0 | D:1      | ChickenMitten the Ogre Conjurer began the quest for the
                  | Orb.
     0 | D:1      | Reached XP level 1. HP: 16/16 MP: 3/3
   360 | D:1      | Found a faded altar of an unknown god.
   396 | D:1      | Reached XP level 2. HP: 26/26 MP: 3/5
  1636 | D:2      | Reached XP level 3. HP: 32/32 MP: 1/7
  2147 | D:2      | Reached skill level 1 in Fighting
  2264 | D:2      | Learned a level 2 spell: Searing Ray
  2351 | D:2      | Reached XP level 4. HP: 41/41 MP: 4/8
  2429 | D:2      | Found a glowing silver altar of Zin.
  2892 | D:3      | Noticed a scorpion
  2897 | D:3      | Killed a scorpion
  2898 | D:3      | Reached XP level 5. HP: 49/49 MP: 3/11
  3110 | D:3      | Reached skill level 5 in Conjurations
  3366 | D:3      | Found Fuep's Antique Armour Shop.
  3546 | D:3      | Identified the +2 robe of Impressiveness {+Inv rElec}
  3913 | D:4      | Noticed a kobold brigand
  3921 | D:4      | Killed a kobold brigand
  3922 | D:4      | Reached XP level 6. HP: 58/58 MP: 4/13
  4052 | D:4      | Reached skill level 5 in Spellcasting
  4267 | D:4      | Reached XP level 7. HP: 49/64 MP: 0/15
  4714 | D:4      | Identified the +7 whip of Valour {freeze, rElec Will+++
                  | Int-3 Dex+3}
  4814 | D:5      | Entered Level 5 of the Dungeon
  5443 | D:5      | Reached XP level 8. HP: 72/75 MP: 9/18
  6080 | D:6      | Found a staircase to the Ecumenical Temple.
  6151 | Temple   | Entered the Ecumenical Temple
  6235 | Temple   | Became a worshipper of Vehumet
  6361 | D:6      | Learned a level 2 spell: Blink
  6385 | D:6      | Reached skill level 1 in Translocations
  6932 | D:7      | Reached skill level 5 in Fighting
  7547 | D:7      | Noticed a vampire
  7548 | D:7      | Reached XP level 9. HP: 74/88 MP: 12/20
  7628 | D:6      | Learned a level 4 spell: Iskenderun's Mystic Blast
  8106 | D:7      | Found an iron altar of Okawaru.
  9004 | D:8      | Reached * piety under Vehumet
  9004 | D:8      | Offered knowledge of Foxfire by Vehumet.
  9007 | D:8      | Learned a level 1 spell: Foxfire
  9662 | D:8      | Learned a level 4 spell: Flame Wave
  9820 | D:8      | Reached skill level 1 in Fire Magic
 10139 | D:9      | Reached skill level 2 in Fire Magic
 10293 | D:9      | Reached skill level 3 in Fire Magic
 10366 | D:9      | Found a staircase to the Lair.
 10436 | D:9      | Reached skill level 4 in Fire Magic
 10656 | D:9      | Noticed an elephant
 10706 | D:10     | Entered Level 10 of the Dungeon
 10723 | D:10     | HP: 2/93 [something (8)]
 10974 | D:10     | Killed an unseen horror
 10975 | D:10     | Reached skill level 5 in Fire Magic
 10975 | D:10     | Reached XP level 10. HP: 30/102 MP: 15/22
 11262 | D:9      | Killed an elephant
 11263 | D:9      | Reached skill level 6 in Fire Magic
 11633 | D:9      | Reached skill level 7 in Fire Magic
 12009 | D:9      | Found a staircase to the Orcish Mines.
 12044 | D:9      | Found a runed translucent door.
 12047 | D:9      | Noticed suse60's ghost (journeyman FoFi)
 12383 | Orc:1    | Entered Level 1 of the Orcish Mines
 12383 | Orc:1    | Noticed an orc sorcerer
 12383 | Orc:1    | Noticed an orc warlord
 12671 | Lair:1   | Entered Level 1 of the Lair of Beasts
 12674 | Lair:1   | Reached skill level 8 in Fire Magic
 12804 | Lair:1   | Noticed a cane toad
 12810 | D:9      | Offered knowledge of Scorch by Vehumet.
 13002 | D:9      | Reached ** piety under Vehumet
 13003 | D:9      | Reached skill level 9 in Fire Magic
 13003 | D:9      | Killed a cane toad
 13280 | Lair:1   | Reached XP level 11. HP: 97/109 MP: 13/23
 13282 | Lair:1   | Found a frozen archway.
 13291 | IceCv    | Entered an ice cave
 13354 | IceCv    | Reached skill level 10 in Fire Magic
 13515 | IceCv    | Noticed a death yak
 13516 | IceCv    | Noticed a death yak
 13518 | IceCv    | Noticed a death yak
 13911 | D:9      | Killed a death yak
 14161 | Lair:1   | Mangled by a death yak

Illustrated notes

Levels and vault maps discovered:
D:1:      giann_wishing_wells, layout_basic, serial_forest,
          infiniplex_forest_straight_2, infiniplex_forest_end_2,
          infiniplex_forest_lined_corner, infiniplex_forest_pool,
          infiniplex_forest_clump_C, infiniplex_forest_clump_tiny,
          infiniplex_forest_clump_double, nicolae_ecumenical_snake_handling
D:2:      layout_basic, serial_undead, serial_undead_b, serial_undead_c,
          serial_undead_c, serial_undead_e, serial_undead_d, basic_altar
D:3:      layout_basic, serial_shops, nicolae_shop_waterfront
D:4:      layout_basic, st_stairs_14, hangedman_decor_lopped,
          nicolae_underground_beach
D:5:      layout_loops_corners, kennysheep_minor_cross,
          nicolae_figureground_pulse
D:6:      layout_cave_pools, minmay_temple_entry_large_hall
D:7:      layout_layer_cave, lemuel_coloured_pillars_altar, minivault_27
D:8:      layout_gridville, minmay_misc_feat_enclosed
D:9:      layout_cave_pools, david_lair_generic, orc_0_dummy,
          ebering_ghost_inner_flame, evilmike_butchery
D:10:     layout_roguey
Temple:   minmay_crystal_snake_temple
Lair:1:   layout_loops_ring, gauntlet_entry_generic,
          portal_ice_cave_entry_pillars_2, serial_rivers,
          chequers_serial_rivers_small_3, chequers_serial_rivers_micro_c,
          chequers_serial_rivers_large_a, chequers_serial_rivers_micro_c,
          chequers_serial_rivers_room_b, gammafunk_ghost_berserking_beasts,
          lemuel_fruit_tree
Orc:1:    layout_caves

Skill      XL: |  1  2  3  4  5  6  7  8  9 10 11 |
---------------+----------------------------------+-----
Conjurations   | 4 5 6 7 |  7.4
Fighting       | 1 2 3 5 7 |  7.0
Spellcasting   | 3 4 5 6 7 8 |  8.7
Translocations | 3 |  3.2
Fire Magic     | 5 9 10 | 10.5
Throwing       | |  0.3
Dodging        | |  1.7
Stealth        | |  1.4
Summonings     | |  0.1
Ice Magic      | |  0.2
Earth Magic    | |  0.1
Poison Magic   | |  0.1
Invocations    | |  0.1

Action                   |  1- 3 |  4- 6 |  7- 9 | 10-12 || total
-------------------------+-------+-------+-------+-------++-------
Melee: Falchion          |     6 |     2 |    11 |       ||    19
       Whip              |       |       |    24 |    10 ||    34
       Spear             |       |       |       |     4 ||     4
 Cast: Magic Dart        |    76 |    46 |   130 |    34 ||   286
       Searing Ray       |     1 |    15 |    49 |    19 ||    84
       Blink             |       |       |     4 |     2 ||     6
       Foxfire           |       |       |    11 |       ||    11
       Flame Wave        |       |       |     9 |    32 ||    41
       Iskenderun's Myst |       |       |     8 |       ||     8
  Use: Scroll            |       |       |     4 |       ||     4
       Potion            |       |       |     6 |     2 ||     8
Armor: Robe              |     6 |     5 |    54 |    33 ||    98
Dodge: Dodged            |    11 |     5 |    68 |   110 ||   194
